 Dungeon Crawl Stone Soup version 0.22-a0-565-gfc6459a (webtiles) character file.

25 theanonym the Magician (level 2, -6/19 HPs)
             Began as a Mummy Air Elementalist on June 28, 2018.
             Mangled by a goblin
             ... wielding a +0 club
              (9 damage)
             ... on level 2 of the Dungeon.
             The game lasted 00:02:01 (1107 turns).

theanonym the Magician (Mummy Air Elementalist)     Turns: 1107, Time: 00:02:01

Health: -6/19      AC:  2    Str: 11    XL:     2   Next: 82%
Magic:  2/6        EV: 12    Int: 14    God:
Gold:   56         SH:  0    Dex: 12    Spells: 6/7 levels left

rFire    x . .     SeeInvis .   c - +0 dagger
rCold    + . .     Gourm    .   (no shield)
rNeg     + + +     Faith    .   a - +0 robe
rPois    ∞         Spirit   .   (no helmet)
rElec    .         Reflect  .   (no cloak)
rCorr    .         Harm     .   (no gloves)
MR       .....                  (no boots)
Stlth    ++........             (no amulet)
HPRegen  0.06/turn              (no ring)
MPRegen  0.10/turn              (no ring)

@: no status effects
A: no food or potions, fire vulnerability, cold resistance 1, negative energy
resistance 3, torment resistance, unbreathing
a: no special abilities


Innate Abilities, Weirdness & Mutations

You do not eat or drink.
Your flesh is vulnerable to fire.
You are immune to poison.
Your flesh is cold resistant. (rC+)
You are immune to negative energy. (rN+++)
You are immune to unholy pain and torment.
You can survive without breathing.


   Skills:
 - Level 1.5 Dodging
 - Level 1.5 Stealth
 + Level 3.1 Spellcasting
 * Level 1.7 Conjurations
 + Level 2.6 Air Magic


You had 6 spell levels left.
You knew the following spells:

 Your Spells              Type           Power        Failure   Level  Hunger
a - Shock                 Conj/Air       #...         9%          1    N/A

Your spell library contained the following spells:

 Spells                   Type           Power        Failure   Level  Hunger
 Lightning Bolt           Conj/Air       #.........   93%         5    N/A
 Swiftness                Chrm/Air       #.......     19%         2    N/A
 Airstrike                Air            #.........   56%         4    N/A
 Static Discharge         Conj/Air       #.......     26%         3    N/A

Skill      XL: |  1  2 |
---------------+-------+-----
Conjurations   | 1 |  1.7
Spellcasting   | 3 |  3.1
Dodging        | |  1.5
Stealth        | |  1.5
Air Magic      | |  2.6

Action                   || total
-------------------------++-------
Melee: Dagger            ||     6
 Cast: Shock             ||    44
  Use: Scroll            ||     1
Armor: Robe              ||     3
Dodge: Dodged            ||    13

Inventory:

Hand Weapons
 c - a +0 dagger (weapon)
   (You took it off a goblin on level 1 of the Dungeon)
 d - a +0 short sword
   (You took it off a kobold on level 1 of the Dungeon)
Armour
 a - a +0 robe (worn)


You were on level 2 of the Dungeon.
You were not hungry.

You visited 1 branch of the dungeon, and saw 2 of its levels.

You collected 56 gold pieces.

Dungeon Overview and Level Annotations

Branches:
Dungeon (2/15)

Altars:

Annotations:
D:2 Robin

###### #.g..#
#g#.###......#
. #g#g#
#......##+#.
#@#g#
#...........
#g#.#
#...........
#.#g#
#....[......
#.#?#
#...........
#####.#.#
#...........
#.......#
#####......$
#.......#
#.g.g#......
........#
#g##.#g.....
......#.#
#.#<.#..#.##


You could see Robin, a hobgoblin and 2 goblins.

Notes
Turn   | Place    | Note
-------+----------+-------------------------------------------
     0 | D:1      | theanonym the Mummy Air Elementalist began the quest for the Orb.
     0 | D:1      | Reached XP level 1. HP: 13/13 MP: 4/4
   199 | D:1      | Reached skill level 1 in Conjurations
   356 | D:1      | Reached XP level 2. HP: 19/19 MP: 2/5
   483 | D:1      | Reached skill level 3 in Spellcasting
   865 | D:1      | HP: 9/19 [dart slug (1)]
  1072 | D:2      | Noticed Robin
  1104 | D:2      | HP: 6/19 [hobgoblin[Robin] (4)]
  1107 | D:2      | Mangled by a goblin

Vanquished Creatures
  A dart slug (D:1)
  7 goblins
  3 hobgoblins (D:1)
  4 bats (D:1)
  A frilled lizard (D:1)
  3 kobolds (D:1)
  3 rats (D:1)
22 creatures vanquished.

Table legend:
 A = Turns spent in this place as a percentage of turns spent in the entire game.
 B = Non-inter-level travel turns spent in this place as a percentage of non-inter-level travel turns spent in the entire game.
 C = Inter-level travel turns spent in this place as a percentage of turns spent in this place.
 D = Turns resting spent in this place as a percentage of non-inter-level travel turns spent in this place.
 E = Turns spent auto-exploring this place as a percentage of non-inter-level travel turns spent in this place.
 F = Non-inter-level travel turns spent in this place divided by the number of levels of this place that you've seen.
                   A       B       C       D       E      F
               +-------+-------+-------+-------+-------+----------------------
         Total | 100.0 | 100.0 |   1.4 |  34.3 |  54.2 | 545.5
       Dungeon | 100.0 | 100.0 |   1.4 |  34.3 |  54.2 | 545.5
               +-------+-------+-------+-------+-------+----------------------
